 Dungeon Crawl Stone Soup version 0.27-a0-95-g5a9077b8ae (webtiles) character file.

Game seed: 8622034254275079891

1968 SkiChan the Skirmisher (level 9, -13/80 HPs)
             Began as a Minotaur Monk on Jan 17, 2021.
             Was a Priest of Okawaru.
             Killed by the air
             ... invoked by Gastronok
              (24 damage)
             ... on level 8 of the Dungeon on Jan 18, 2021.
             The game lasted 00:08:16 (7551 turns).

SkiChan the Skirmisher (Minotaur Monk)              Turns: 7551, Time: 00:08:17

Health: -13/80     AC: 14    Str: 18    XL:     9   Next: 0%
Magic:  9/10       EV:  8    Int:  7    God:    Okawaru [***...]
Gold:   245        SH:  0    Dex: 20    Spells: 8/8 levels left

rFire    . . .     SeeInvis +   o - +2 hand axe (venom)
rCold    . . .     Faith    .   (no shield)
rNeg     . . .     Spirit   .   J - +0 plate armour
rPois    .         Reflect  .   (helmet restricted)
rElec    .         Harm     .   (no cloak)
rCorr    .         Rampage  .   I - +0 pair of gloves (curse)
Will     .....                  (no boots)
Stlth    ..........             (no amulet)
HPRegen  0.23/turn              w - ring of see invisible
MPRegen  0.12/turn              G - +6 ring of dexterity

@: no status effects
A: retaliatory headbutt, horns 2
a: Renounce Religion, Heroism


You were on level 8 of the Dungeon.
You worshipped Okawaru.
Okawaru was most pleased with you.
You visited 2 branches of the dungeon, and saw 9 of its levels.

You collected 341 gold pieces.
You spent 96 gold pieces at shops.

Inventory:

Hand Weapons
 k - a +2 whip of venom
 o - a +2 hand axe of venom (weapon)
 q - a +2 hand axe of flaming
 r - a +0 war axe
 D - a +0 hand axe of freezing
Missiles
 v - 24 poisoned darts (quivered)
 B - 8 datura-tipped darts
Armour
 I - a cursed +0 pair of gloves (worn)
 J - a +0 plate armour (worn)
Jewellery
 a - an uncursed ring of flight
 b - an uncursed ring of willpower
 n - an uncursed ring of wizardry
 t - an uncursed ring of poison resistance
 w - a ring of see invisible (left hand)
 G - a +6 ring of dexterity (right hand)
 H - the ring of Fatigue {rCorr Int+3}
   (You found it on level 7 of the Dungeon)

   [ring of resist corrosion]

   It affects your intelligence (+3).
   It provides partial protection from all sources of acid and corrosion.
Wands
 E - a wand of paralysis (10)
 F - a wand of flame (35)
Scrolls
 d - 2 scrolls of amnesia {unknown}
 e - 3 scrolls of teleportation {unknown}
 f - 6 scrolls of identify {unknown}
 h - 3 scrolls of magic mapping {unknown}
 j - a scroll of remove curse {unknown}
 m - 3 scrolls of enchant weapon {unknown}
 s - a scroll of fog {unknown}
 u - 2 scrolls of blinking {unknown}
 x - 2 scrolls of noise {unknown}
 y - 2 scrolls of fear {unknown}
 z - 2 scrolls of enchant armour {unknown}
Potions
 c - 7 potions of heal wounds
 g - 2 potions of degeneration {unknown}
 i - a potion of might {unknown}
 l - 5 potions of invisibility {unknown}
 p - 2 potions of haste
 A - a potion of resistance {unknown}
 C - a potion of curing
 K - a potion of lignification {unknown}
 L - a potion of ambrosia {unknown}


   Skills:
 * Level 7.7 Fighting
 + Level 2.5(5.4) Axes
 * Level 7.6(7.9) Maces & Flails
 * Level 6.5 Armour
 + Level 5.3 Dodging
 - Level 3.0 Stealth
 * Level 3.2 Invocations


You had 8 spell levels left.
You didn't know any spells.
Your spell library contained the following spells:

 Spells                   Type           Power        Failure   Level
 Beastly Appendage        Tmut           0%           100%        1
 Magic Dart               Conj           0%           100%        1
 Searing Ray              Conj           0%           100%        2
 Wereblood                Tmut           0%           100%        2
 Dazzling Flash           Conj/Hex       0%           100%        3
 Spider Form              Tmut/Pois      0%           100%        3
 Fulminant Prism          Conj/Hex       0%           100%        4
 Ice Form                 Ice/Tmut       0%           100%        4
 Iskenderun's Mystic Bla  Conj/Tloc      0%           100%        4
 Blade Hands              Tmut           0%           100%        5


Dungeon Overview and Level Annotations

Branches:
Dungeon (8/15)             Temple (1/1) D:5
   Lair: D:8-11

Altars:
Ashenzari
Cheibriados
Dithmenos
Elyvilon
Fedhas
Gozag
Hepliaklqana
Kikubaaqudgha
Makhleb
Nemelex Xobeh
Okawaru
Qazlal
Ru
Sif Muna
Trog
Uskayaw
Vehumet
Wu Jian
Xom
Yredelemnul
Zin
The Shining One

Shops:
D:5 !

Annotations:
D:8 Gastronok


Innate Abilities, Weirdness & Mutations

You reflexively headbutt those who attack you in melee.
You have a pair of horns on your head.


Message History

You hit Gastronok.
Gastronok is poisoned.
Gastronok is lightly wounded.
Gastronok bites you!
You hit Gastronok but do no damage.
Gastronok looks even sicker.
Gastronok is lightly wounded.
You hit Gastronok.
Gastronok looks as sick as possible!
You headbutt Gastronok.
Gastronok is lightly wounded.
You feel like a meek peon again.
Gastronok chants a spell, wobbling all the while.
Gastronok puts on a burst of speed!
You hit Gastronok. You headbutt Gastronok.
Gastronok is lightly wounded.
You hit Gastronok.
Gastronok looks as sick as possible!
You headbutt Gastronok.
Gastronok is moderately wounded.
Gastronok bites you!!
* * * LOW HITPOINT WARNING * * *
Gastronok's eyestalks quiver as he mumbles some strange words.
Gastronok waves his eye-stalks in wide circles.
The air twists around and strikes you!!
You die...

#.# ####.#.##.#......#
#.#####..)[..)..#......@..
#.........).....#####.....
#.#####.....w...# .####
######.########..r#### #
..............#...#
######.######.#[..# #.#
##.## ..# #@# #..
..........# ####
########.##.#.#
...#+#....# # #.#.#
...#_#....# #.# #
)..###....# ... .........#
#..#..#
.........####.......
#..................


You could see Gastronok (swift, very poisoned) and a quokka (summoned).

Vanquished Creatures
  Joseph (D:8)
  A water moccasin (D:5)
  An ice beast (D:5)
  2 orc warriors
  A sky beast (D:7)
  2 bullfrogs (D:6)
  A scorpion (D:5)
  A howler monkey (D:4)
  A bullfrog zombie (D:5)
  5 hounds
  3 jellies
  2 orc priests
  3 orc wizards
  2 bullfrog skeletons
  2 iguanas (D:6)
  5 worker ants
  A killer bee zombie (D:6)
  A hound skeleton (D:4)
  6 adders
  2 shadow imps
  3 ufetubi
  An ooze (D:3)
  2 adder zombies
  An adder skeleton (D:4)
  7 worms
  6 dart slugs
  3 leopard geckos
  28 orcs
  2 giant cockroaches
  8 goblins
  8 hobgoblins
  12 jackals
  3 quokkas
  A ball python (D:4)
  9 bats
  2 frilled lizards
  A giant cockroach zombie (D:6)
  6 kobolds
  A quokka zombie (D:5)
  3 rats
150 creatures vanquished.

Notes
Turn   | Place    | Note
-------+----------+-------------------------------------------
     0 | D:1      | SkiChan the Minotaur Monk began the quest for the Orb.
     0 | D:1      | Reached XP level 1. HP: 19/19 MP: 0/0
   177 | D:1      | Reached skill level 1 in Armour
   177 | D:1      | Reached XP level 2. HP: 27/27 MP: 1/1
   825 | D:2      | Reached XP level 3. HP: 30/33 MP: 2/2
  1087 | D:2      | Found a glowing golden altar of the Shining One.
  1520 | D:3      | Found a faded altar of an unknown god.
  1542 | D:3      | Reached XP level 4. HP: 40/40 MP: 3/3
  1733 | D:3      | Found a shadowy altar of Dithmenos.
  1767 | D:3      | Reached XP level 5. HP: 20/47 MP: 4/4
  2018 | D:3      | Found a sparkling altar of Nemelex Xobeh.
  2421 | D:4      | Reached skill level 5 in Fighting
  2421 | D:4      | Reached skill level 5 in Maces & Flails
  2437 | D:4      | Reached XP level 6. HP: 44/56 MP: 5/5
  2946 | D:4      | Found a stormy altar of Qazlal.
  3052 | D:5      | Entered Level 5 of the Dungeon
  3123 | D:5      | Noticed an ice beast
  3133 | D:5      | Killed an ice beast
  3420 | D:5      | Reached XP level 7. HP: 59/62 MP: 6/6
  3476 | D:5      | Noticed a two-headed ogre
  3742 | D:5      | Found Vistec's Distillery.
  3746 | D:5      | Bought a potion of heal wounds for 60 gold pieces
  3746 | D:5      | Bought a potion of curing for 36 gold pieces
  4458 | D:5      | Reached skill level 5 in Armour
  4679 | D:5      | Found a staircase to the Ecumenical Temple.
  4723 | Temple   | Entered the Ecumenical Temple
  4929 | Temple   | Became a worshipper of Warmaster Okawaru
  4929 | Temple   | Reached * piety under Okawaru
  4929 | Temple   | Reached ** piety under Okawaru
  5172 | D:5      | Found a shimmering blue altar of Sif Muna.
  5893 | D:6      | Reached skill level 1 in Invocations
  5893 | D:6      | Reached XP level 8. HP: 69/71 MP: 7/7
  5909 | D:6      | Reached skill level 1 in Axes
  6189 | D:7      | Found an opulent altar of Gozag.
  6293 | D:7      | Got a faintly glowing lead ring
  6295 | D:7      | Identified the ring of Fatigue {rCorr Int+3} (You found it
                  | on level 7 of the Dungeon)
  6824 | D:7      | Reached skill level 5 in Dodging
  7447 | D:8      | Found a broken altar of Ashenzari.
  7514 | D:8      | Noticed Gastronok
  7514 | D:8      | Noticed Joseph
  7538 | D:8      | Killed Joseph
  7538 | D:8      | Reached *** piety under Okawaru
  7539 | D:8      | Reached XP level 9. HP: 46/80 MP: 8/10
  7551 | D:8      | Killed from afar by Gastronok

Illustrated notes

Levels and vault maps discovered:
D:1:      lightli_arrival_chessboard, layout_rooms
D:2:      layout_basic, lemuel_crystal_altar
D:3:      layout_loops_ring, lemuel_round_altar,
          nemelex_xobeh_ov_fountains_minmay,
          chequers_ecumenical_altar_simple_redux
D:4:      layout_cave_pools, grunt_qazlal_clouds
D:5:      layout_loops_corners, lemuel_coloured_pillars_altar,
          minmay_temple_entry_glass, serial_shops, shop
D:6:      layout_loops_ring
D:7:      layout_basic, grunt_gozag_breadcrumbs, minivault_23
D:8:      layout_loops_ring, ashenzari_conservatory_becter, basic_altar,
          tgw_sif, uniq_gastronok, uniq_joseph
Temple:   regret_index_temple_generic_petals

Skill      XL: |  1  2  3  4  5  6  7  8 |
---------------+-------------------------+-----
Armour         | 1 2 3 4 5 6 |  6.5
Fighting       | 4 5 6 7 |  7.7
Maces & Flails | 4 5 6 7 |  7.6
Stealth        | 2 3 |  3.0
Dodging        | 4 5 |  5.3
Invocations    | 1 3 |  3.2
Axes           | 2 |  2.5

Action                   |  1- 3 |  4- 6 |  7- 9 || total
-------------------------+-------+-------+-------++-------
Melee: Mace              |    24 |       |       ||    24
       Headbutt          |    17 |    21 |    37 ||    75
       Whip              |    69 |    93 |       ||   162
       Hand axe          |       |    30 |   177 ||   207
Invok: Heroism           |       |       |     1 ||     1
 Stab: Sleeping          |     2 |     2 |       ||     4
Armor: Ring mail         |    29 |    20 |       ||    49
       Chain mail        |       |    12 |    62 ||    74
       Plate armour      |       |       |    20 ||    20
Dodge: Dodged            |    82 |    62 |    78 ||   222

Table legend: (Time is in decaauts)
 A = Elapsed time spent in this place.
 B = Non-inter-level travel time spent in this place.
 C = Inter-level travel time spent in this place.
 D = Time resting spent in this place.
 E = Time spent auto-exploring this place.
 F = Levels seen in this place.
 G = Mean time per level.
                   A        B        C        D        E       F      G
               +--------+--------+--------+--------+--------+-----+--------+
         Total |   7544 |   7279 |    265 |   1701 |   4581 |   9 |  838.2 |
       Dungeon |   7306 |   7098 |    208 |   1701 |   4402 |   8 |  913.2 |
        Temple |    237 |    180 |     57 |      0 |    179 |   1 |  237.0 |
               +--------+--------+--------+--------+--------+-----+--------+

Top non-repeatable levels by time:
     D:5: 1953 daAuts
     D:7: 1127 daAuts
     D:6: 948 daAuts
     D:3: 932 daAuts
     D:1: 751 daAuts
     D:2: 709 daAuts
     D:4: 641 daAuts
     D:8: 242 daAuts
  Temple: 237 daAuts
